 Dungeon Crawl Stone Soup version 0.30.0-29-ga12c61a403 (webtiles) character file.

Game seed: 8084436448704405201

525 growler the Gusty (level 7, -10/36 HPs)
             Began as a Tengu Air Elementalist on June 17, 2023.
             Mangled by a gnoll
             ... wielding a +0 halberd
              (14 damage)
             ... on level 5 of the Dungeon.
             The game lasted 00:12:53 (5879 turns).

growler the Gusty (Tengu Air Elementalist)          Turns: 5879, Time: 00:12:54

Health: -10/36     AC:  3    Str:  5 (8)  XL:     7   Next: 23%
Magic:  7/14       EV: 14    Int: 16 (17) God:
Gold:   184        SH:  0    Dex: 12 (15) Spells: 5/15 levels left

rFire   . . .        i - +0 dagger (vamp)
rCold   . . .        (no shield)
rNeg    . . .        a - +0 robe
rPois   .            (helmet restricted)
rElec   .            r - +0 cloak
rCorr   .            (no gloves)
SInv    .            (boots unavailable)
Will    .....        s - amulet of magic regeneration
Stlth   ++           (no ring)
HPRegen 0.26/turn    (no ring)
MPRegen 0.54/turn

%: no passive effects
@: lethally poisoned (-10 -> -14), flying quickly and evasively, hasted, very
quick
A: beak, talons 3, nimble flight
a: no special abilities


You were on level 5 of the Dungeon.
You visited 1 branch of the dungeon, and saw 5 of its levels.

You collected 184 gold pieces.

Inventory:

Hand Weapons
 i - a +0 vampiric dagger (weapon)
 k - a +2 dagger of venom
Armour
 a - a +0 robe (worn)
 r - a +0 cloak (worn)
Jewellery
 s - an amulet of magic regeneration (around neck)
Scrolls
 c - 2 scrolls of enchant weapon {unknown}
 d - 5 scrolls of teleportation {unknown}
 g - a scroll of fear {unknown}
 h - a scroll of blinking {unknown}
 j - a scroll of identify {unknown}
 l - 2 scrolls of noise {unknown}
 m - 2 scrolls of fog {unknown}
 o - 2 scrolls of butterflies {unknown}
 v - a scroll of magic mapping {unknown}
Potions
 b - a potion of magic
 e - a potion of resistance {unknown}
 f - 2 potions of haste
 n - a potion of might {unknown}
 p - a potion of degeneration
 q - 2 potions of brilliance {unknown}
 t - a potion of curing {unknown}
 u - 2 potions of attraction {unknown}
 w - a potion of mutation {unknown}


   Skills:
 - Level 2.1 Dodging
 - Level 2.0 Stealth
 + Level 4.5 Spellcasting
 - Level 5.0 Conjurations
 + Level 7.1 Air Magic


You had 5 spell levels left.
You knew the following spells:

 Your Spells              Type           Power      Damage    Failure   Level
a - Shock                 Conj/Air       92%        1d8       1%          1
b - Static Discharge      Conj/Air       46%        2-4/arc   1%          2
c - Swiftness             Air            26%        N/A       2%          3
d - Airstrike             Air            13%        2d(2-18)  9%          4

Your spell library contained the following spells:

 Spells                   Type           Power      Damage    Failure   Level
 Momentum Strike          Conj/Tloc      22%        3d8       9%          2
 Blink                    Tloc           6%         N/A       24%         2
 Lesser Beckoning         Tloc           6%         N/A       24%         2


Dungeon Overview and Level Annotations

Branches:
Dungeon (5/15)             Temple (0/1) D:4

Altars:
Hepliaklqana
Xom

Shops:
D:1 =


Innate Abilities, Weirdness & Mutations

You have a beak for a mouth.
You have claws for feet.
Your magical nature lets you fly swiftly and evasively.


Message History

The gnoll hits you with a +0 club.
Unknown command.
Casting: Static Discharge (safe; 1% risk of failure)
Confirm with . or Enter, or press ? or * to list all spells.
The gnoll is struck by an arc of lightning.
You kill the gnoll!
The scorpion is struck by an arc of lightning.
The scorpion is lightly wounded.
The lightning grounds out.
Casting: Static Discharge (safe; 1% risk of failure)
Confirm with . or Enter, or press ? or * to list all spells.
The gnoll is struck by an arc of lightning.
The gnoll is severely wounded.
You are struck by an arc of lightning.
The gnoll is struck by an arc of lightning.
The gnoll is almost dead.
The lightning grounds out.
The gnoll hits you with a +0 flail!
Casting: Static Discharge (safe; 1% risk of failure)
Confirm with . or Enter, or press ? or * to list all spells.
The gnoll is struck by an arc of lightning.
You kill the gnoll!
The scorpion is struck by an arc of lightning.
The scorpion is moderately wounded.
Something is struck by an arc of lightning.
The lightning grounds out.
The scorpion stings you!
* * * LOW HITPOINT WARNING * * *
You are lethally poisoned!
The scorpion poisons you!
It was a potion of haste.
You feel yourself speed up.
* * * LOW HITPOINT WARNING * * *
You feel sick.
The scorpion stings you but does no damage.
Unknown command.
It was a potion of degeneration.
There was something very wrong with that liquid.
You feel weakened.
You feel dopey.
You feel clumsy.
* * * LOW HITPOINT WARNING * * *
You feel sick.
The gnoll hits you from afar with a +0 halberd!
You die...

#.#.### #.#.#
+###'###+#######
#.......#).#...#
#...[...#..#...#
+###'###'..'...#
+...'.#..##.##
#...#.#..##.#
#._.#.+##@..#
#...#.#.s##.#
+...+.#.g #.#
##+###+.. ..#
#.. ### #.. +##


You could see a scorpion and a gnoll.

Vanquished Creatures
  A scorpion (D:4)
  A howler monkey (D:3)
  An orc priest (D:4)
  Crazy Yiuf (D:2)
  A sleepcap (D:4)
  Terence (D:2)
  An orc wizard (D:3)
  Natasha (thrice) (D:4)
  Robin (D:4)
  2 gnolls (D:5)
  8 adders
  2 worms
  8 orcs
  11 ball pythons
  5 endoplasms
  6 giant cockroaches
  7 hobgoblins
  2 jackals (D:1)
  5 kobolds
  8 quokkas
  8 bats
  5 frilled lizards
  16 goblins
  2 rats (D:1)
106 creatures vanquished.

Notes
Turn   | Place    | Note
-------+----------+-------------------------------------------
     0 | D:1      | growler the Tengu Air Elementalist began the quest for the
                  | Orb.
     0 | D:1      | Reached XP level 1. HP: 10/10 MP: 4/4
   124 | D:1      | Found Isonoucuz's Jewellery Shoppe.
   204 | D:1      | Reached XP level 2. HP: 15/15 MP: 4/6
   630 | D:1      | Learned a level 2 spell: Static Discharge
   709 | D:1      | Found a faded altar of an unknown god.
  1034 | D:1      | Reached XP level 3. HP: 19/19 MP: 3/7
  1038 | D:1      | Learned a level 3 spell: Swiftness
  1369 | D:2      | Reached XP level 4. HP: 13/24 MP: 5/9
  1471 | D:2      | Found a runed translucent door.
  1472 | D:2      | Noticed Crazy Yiuf
  1802 | D:2      | Reached skill level 5 in Air Magic
  1887 | D:2      | Noticed Terence
  1893 | D:2      | Killed Terence
  2777 | D:2      | Killed Crazy Yiuf
  2778 | D:2      | Gained mutation: Your magical nature lets you fly swiftly
                  | and evasively. [Tengu growth]
  2778 | D:2      | Reached XP level 5. HP: 8/28 MP: 3/10
  3949 | D:3      | Reached XP level 6. HP: 19/32 MP: 8/12
  4012 | D:3      | Reached skill level 6 in Air Magic
  4070 | D:4      | Noticed Robin
  4143 | D:4      | Found a staircase to the Ecumenical Temple.
  4154 | D:4      | Killed Robin
  4289 | D:4      | Reached skill level 5 in Conjurations
  4306 | D:4      | Learned a level 4 spell: Airstrike
  4488 | D:4      | Noticed Natasha
  4495 | D:4      | Killed Natasha
  4496 | D:4      | Reached XP level 7. HP: 29/36 MP: 10/14
  4563 | D:4      | Noticed Natasha
  4566 | D:4      | Killed Natasha
  4647 | D:4      | Found a hazy altar of Hepliaklqana.
  5263 | D:4      | Found a hazy altar of Hepliaklqana.
  5401 | D:4      | Noticed Natasha
  5694 | D:4      | Found a staircase to the Ecumenical Temple.
  5753 | D:4      | Killed Natasha
  5754 | D:4      | Reached skill level 7 in Air Magic
  5843 | D:5      | Entered Level 5 of the Dungeon
  5854 | D:5      | Found a shimmering altar of Xom.
  5879 | D:5      | Mangled by a gnoll

Illustrated notes

Levels and vault maps discovered:
D:1:      minmay_arrival_nine_rooms, layout_basic, serial_shops,
          nicolae_shop_statue_plus, shapermc_ecumenical_altar_petra
D:2:      layout_basic, serial_bayou_pond_b, minmay_misc_feat_doors,
          roderic_serpentine_path, grunt_decor_junction, minmay_goblin_outpost,
          uniq_terence, uniq_crazy_yiuf_cottage
D:3:      layout_basic, grunt_ministairs_7,
          wander_ebering_terrifying_dragon_lair
D:4:      layout_basic, nicolae_hepliaklqana_hazy_memory,
          minmay_temple_entry_from_below_a, saegor_snake_ambush, uniq_robin,
          uniq_natasha
D:5:      layout_basic, mainiacjoe_overflow_24_doors, kiku_gazebo_pond_becter,
          uniq_duvessa

Skill      XL: |  1  2  3  4  5  6  7 |
---------------+----------------------+-----
Conjurations   | 2 3 4 5 |  5.0
Air Magic      | 5 6 7 |  7.1
Spellcasting   | 3 4 |  4.5
Dodging        | |  2.1
Stealth        | |  2.0

Action                     |  1- 3 |  4- 6 |  7- 9 || total
---------------------------+-------+-------+-------++-------
  Melee: Unarmed           |     2 |       |       ||     2
         Kick              |     2 |     4 |       ||     6
         Dagger            |    26 |    19 |       ||    45
         Peck              |     4 |     4 |       ||     8
   Cast: Shock             |    63 |   103 |    14 ||   180
         Static Discharge  |     1 |    23 |     7 ||    31
         Airstrike         |       |       |     2 ||     2
    Use: Potion            |       |       |     2 ||     2
   Stab: Sleeping          |       |     3 |       ||     3
 Armour: Robe              |    10 |     8 |     2 ||    20
  Dodge: Dodged            |    24 |    46 |    12 ||    82
